 Dungeon Crawl Stone Soup version bcrawl-1.35.4b (webtiles) character file.

Game seed: 7112424990724034159

272012 bezhaha the Shield-Bearer (level 8, -5/72 HPs)
             Began as an Ent Earth Elementalist on Jan 30, 2022.
             Was an Initiate of Gozag.
             Killed by divine providence
             ... invoked by an orc priest
              (9 damage)
             ... on level 5 of the Dungeon.
             The game lasted 00:09:02 (4200 turns).

bezhaha the Shield-Bearer (Ent Earth Elementalist)  Turns: 4200, Time: 00:09:02

Health: -5/72      AC: 15    Str: 16    XL:     8   Next: 25%
Magic:  0/15       EV:  8    Int: 23    God:    Gozag
Gold:   319        SH: 11    Dex: 10    Spells: 13/17 levels left

rFire    . . .     SeeInvis .   n - +2 falchion (slice)
rCold    . . .     Gourm    .   c - +2 medium shield
rNeg     + + +     Faith    .   (armour unavailable)
rPois    +         Spirit   +   (helmet restricted)
rElec    .         Reflect  .   (no cloak)
rCorr    .                      (gloves unavailable)
MR       .....                  (boots unavailable)
Stlth    ++........             x - amulet of guardian spirit
HPRegen  0.22/turn              a - ring of wizardry
MPRegen  0.14/turn              w - +5 ring of intelligence

@: gold aura, very slow
A: large, slow actions, passwall, strong branches, negative energy resistance 3,
poison resistance, slow metabolism 1, torment resistance, unbreathing, AC +15
a: Passwall, Potion Petition, Call Merchant, Bribe Branch, Renounce Religion


You were on level 5 of the Dungeon.
You worshipped Gozag.
Gozag was aware of your devotion.
You were hungry.

You visited 2 branches of the dungeon, and saw 6 of its levels.

You collected 412 gold pieces.
You paid 93 gold pieces to Gozag.

Inventory:

Hand Weapons
 g - a +1 dagger of draining
 n - a +2 falchion of slicing (weapon)
Missiles
 b - 459 stones (quivered)
Armour
 c - a +2 medium shield (worn)
Jewellery
 a - a ring of wizardry (left hand)
 w - a +5 ring of intelligence (right hand)
 x - an amulet of guardian spirit (around neck)
Wands
 v - a wand of digging (13)
Scrolls
 j - a scroll of enchant armour {unknown}
 k - 4 scrolls of blinking
 m - a scroll of immolation
 q - 2 scrolls of remove curse
 u - 2 scrolls of magic mapping
 y - 2 scrolls of teleportation {unknown}
Potions
 d - 7 potions of flight {unknown}
 f - a potion of agility {unknown}
 h - 3 potions of might {unknown}
 l - a potion of heal wounds {unknown}
 o - 3 potions of curing {unknown}
 p - a potion of degeneration {unknown}
 r - a potion of lignification {unknown}
 s - a potion of ambrosia {unknown}
 t - a potion of haste
Comestibles
 e - 4 rations {!d}


   Skills:
 - Level 1.7 Dodging
 - Level 2.4 Stealth
 + Level 6.5 Shields
 - Level 1.0 Unarmed Combat
 * Level 5.0 Spellcasting
   Level 1.1 Transmutations
 * Level 5.9 Earth Magic


You had 13 spell levels left.
You knew the following spells:

 Your Spells              Type           Power        Failure   Level  Hunger
a - Sandblast             Erth           ####..       1%          1    None
b - Stone Arrow           Conj/Erth      ###...       12%         3    ###....

Your spell library contained the following spells:

 Spells                   Type           Power        Failure   Level  Hunger
 Sticks to Snakes         Tmut           ##......     13%         2    None
 Petrify                  Tmut/Erth      ###.......   30%         4    #####..
 Lee's Rapid Deconstruct  Erth           ####......   32%         5    ######.
 Passwall                 Tmut/Erth      Unusable     N/A         2    N/A
 Beastly Appendage        Tmut           Unusable     N/A         1    N/A
 Spider Form              Tmut/Pois      Unusable     N/A         3    N/A
 Ice Form                 Ice/Tmut       Unusable     N/A         4    N/A
 Blade Hands              Tmut           Unusable     N/A         5    N/A

Dungeon Overview and Level Annotations

Branches:
Dungeon (5/12)             Temple (1/1) D:5

Altars:
Ashenzari
Cheibriados
Elyvilon
Gozag
Hepliaklqana
Kikubaaqudgha
Lugonu
Makhleb
Okawaru
Qazlal
Ru
Sif Muna
Trog
Vehumet
Zin
The Shining One

Shops:
D:5 [


Innate Abilities, Weirdness & Mutations

You move and act slowly.
You can pass through walls and trees.
Your branches can wield two-handed weapons with a shield.
Your thick bark is tough. (AC +15)
You are too large for most types of armour.
You are immune to negative energy. (rN+++)
Your system is resistant to poisons. (rPois)
You have a slow metabolism.
You are immune to unholy pain and torment.
You can survive without breathing.


Message History

The orc wizard hits you but does no damage.
The orc priest mumbles some strange prayers to Beogh against you.
Beogh smites you!
* * * LOW HITPOINT WARNING * * *
The crimson imp hits you but does no damage.
You block the orc's attack.
The orc wizard hits you but does no damage.
You hit the orc.
You kill the orc!
You block the orc wizard's attack.
The orc wizard hits you but does no damage.
You block the crimson imp's attack.
The orc priest hits you but does no damage.
The orc wizard hits you but does no damage.
The crimson imp hits you but does no damage.
The orc wizard closely misses you. You block the iguana's attack.
The orc priest calls down the wrath of Beogh upon you.
Beogh smites you!
You die...
Your body crumbles into a pile of gold.

#.## #..#
##.#
#.###.##
#......#
#####..#
#..# #
#..###.#
#..5@o.#
##..ol....#.
#######....
.#. .


You could see an iguana, an orc wizard, a crimson imp and an orc priest.

Vanquished Creatures
  A hungry ghost (D:5)
  A sky beast (D:5)
  2 ogres (D:4)
  A black bear (D:4)
  A centaur (D:5)
  A scorpion (D:4)
  A wyvern skeleton (D:5)
  A howler monkey (D:4)
  An orc priest (D:5)
  A crimson imp (D:4)
  A bullfrog zombie (D:5)
  A hound (D:3)
  3 orc wizards
  A bullfrog skeleton (D:5)
  An iguana (D:4)
  2 worker ants (D:5)
  A hound skeleton (D:4)
  A worker ant zombie (D:4)
  4 gnolls (D:5)
  3 adders
  An ooze (D:1)
  An adder zombie (D:5)
  2 adder skeletons
  4 worms
  A dart slug (D:2)
  2 leopard geckos
  14 orcs
  5 bats
  9 giant cockroaches
  3 goblins
  9 hobgoblins
  5 kobolds
  3 quokkas
  A ball python (D:1)
  2 quokka skeletons
  9 rats
100 creatures vanquished.

Vanquished Creatures (others)
  An orc wizard (D:3)
1 creature vanquished.

Grand Total: 101 creatures vanquished

Notes
Turn   | Place    | Note
-------+----------+-------------------------------------------
     0 | D:1      | bezhaha the Ent Earth Elementalist began the quest for the
                  | Orb.
     0 | D:1      | Reached XP level 1. HP: 18/18 MP: 3/3
   385 | D:1      | Reached XP level 2. HP: 15/26 MP: 5/5
   985 | D:2      | Reached XP level 3. HP: 32/33 MP: 7/7
  1008 | D:2      | Reached skill level 1 in Shields
  1314 | D:2      | Found an iron altar of Okawaru.
  1412 | D:3      | Found a stormy altar of Qazlal.
  1430 | D:3      | Found a corrupted altar of Lugonu.
  1576 | D:3      | Learned a level 3 spell: Stone Arrow
  1643 | D:3      | Reached XP level 4. HP: 42/42 MP: 8/8
  1875 | D:3      | Reached skill level 2 in Shields
  2027 | D:3      | Reached XP level 5. HP: 49/49 MP: 10/10
  2252 | D:4      | Noticed a black bear
  2259 | D:4      | Killed a black bear
  2260 | D:4      | Reached skill level 3 in Shields
  2326 | D:4      | Reached XP level 6. HP: 52/57 MP: 11/11
  2353 | D:4      | Reached skill level 5 in Earth Magic
  2367 | D:4      | Reached skill level 4 in Shields
  2512 | D:4      | Found a white marble altar of Elyvilon.
  2530 | D:4      | Found an opulent altar of Gozag.
  2813 | D:4      | Reached XP level 7. HP: 64/64 MP: 13/13
  2892 | D:4      | Found an ancient bone altar of Kikubaaqudgha.
  3112 | D:5      | Entered Level 5 of the Dungeon
  3130 | D:4      | Reached skill level 5 in Shields
  3262 | D:5      | Found Poyhebom's Armour Boutique.
  3361 | D:5      | Found a staircase to the Ecumenical Temple.
  3416 | Temple   | Entered the Ecumenical Temple
  3758 | D:4      | Became a worshipper of Gozag Ym Sagoz the Greedy
  3837 | D:5      | Noticed a hungry ghost
  3857 | D:5      | Killed a hungry ghost
  3858 | D:5      | Reached skill level 6 in Shields
  3858 | D:5      | Reached XP level 8. HP: 43/72 MP: 2/15
  4164 | D:5      | Reached skill level 5 in Spellcasting
  4199 | D:5      | HP: 3/72 [orc priest/divine providence (7)]
  4200 | D:5      | Killed from afar by an orc priest

Skill      XL: |  1  2  3  4  5  6  7  8 |
---------------+-------------------------+-----
Spellcasting   | 3 4 5 |  5.0
Earth Magic    | 4 5 |  5.9
Shields        | 1 2 3 4 6 |  6.5
Dodging        | |  1.7
Stealth        | |  2.4
Unarmed Combat | |  1.0
Transmutations | |  1.1

Action                   |  1- 3 |  4- 6 |  7- 9 || total
-------------------------+-------+-------+-------++-------
Melee: Dagger            |    99 |       |       ||    99
       Unarmed           |    15 |       |       ||    15
       Falchion          |    23 |   118 |   178 ||   319
 Cast: Sandblast         |       |     6 |     2 ||     8
       Stone Arrow       |       |       |     4 ||     4
  Use: Scroll            |     4 |     1 |       ||     5
 Stab: Sleeping          |     6 |     1 |       ||     7
  Eat: Chunk             |     6 |     6 |     5 ||    17
       Ration            |       |       |     3 ||     3
Armor: Skin              |    86 |    92 |   237 ||   415
Dodge: Dodged            |    32 |    36 |   143 ||   211
Block: Medium shield     |    70 |    83 |   239 ||   392
